 Dungeon Crawl Stone Soup version 0.30-a0-779-g7971cf19c3 (webtiles) character file.

Game seed: 827293175391243425

6127 Iich the Severer (level 10, 0/94 HPs)
             Began as a Hill Orc Fighter on Feb 18, 2023.
             Was an Initiate of Gozag.
             Slain by a swamp worm (18 damage)
             ... on level 9 of the Dungeon.
             The game lasted 00:09:57 (6424 turns).

Iich the Severer (Hill Orc Fighter)                 Turns: 6424, Time: 00:09:58

Health: 0/94       AC: 13    Str: 19    XL:     10   Next: 89%
Magic:  9/9        EV:  6    Int: 12    God:    Gozag
Gold:   546        SH: 12    Dex: 19    Spells: 9/9 levels left

rFire   + . .      SeeInvis .    a - +0 war axe
rCold   . . .      Faith    .    t - +0 kite shield
rNeg    . . .      Spirit   .    i - +0 chain mail
rPois   .          Reflect  .    f - +0 helmet
rElec   .          Harm     .    R - +0 cloak
rCorr   .          Rampage  .    e - +0 pair of gloves {Stlth+}
Will    .....      Clarity  +    (no boots) Stlth
                                 g - amulet of regeneration
HPRegen 1.15/turn                h - +6 ring of dexterity
MPRegen 0.11/turn                I - ring of protection from fire

@: very slow
A: clarity, clever 1, low MP 1, shaggy fur 1
a: Renounce Religion, Potion Petition, Call Merchant, Bribe Branch


You were on level 9 of the Dungeon.
You worshipped Gozag.
Gozag was pleased with you.
You visited 2 branches of the dungeon, and saw 10 of its levels.

You collected 1201 gold pieces.
You paid 655 gold pieces to Gozag.

Inventory:

Hand Weapons
 a - a +0 war axe (weapon)
Missiles
 B - a curare-tipped dart (quivered)
 N - a throwing net
Armour
 b - a +0 scale mail
 c - a +0 buckler
 e - a +0 pair of gloves of stealth (worn)
 f - a +0 helmet (worn)
 i - a +0 chain mail (worn)
 t - a +0 kite shield (worn)
 R - a +0 cloak (worn)
Jewellery
 g - an amulet of regeneration (around neck)
 h - a +6 ring of dexterity (left hand)
 I - a ring of protection from fire (right hand)
Wands
 l - a wand of iceblast (23)
 D - a wand of flame (22)
 E - a wand of digging (2)
 P - a wand of light (6)
 Q - a wand of mindburst (6)
Scrolls
 o - a scroll of poison
 r - a scroll of amnesia
 s - 2 scrolls of fear
 w - 2 scrolls of teleportation
 x - 2 scrolls of summoning
 y - a scroll of immolation
 C - a scroll of brand weapon
 F - a scroll of noise
 G - a scroll of blinking {unknown}
 H - a scroll of enchant armour {unknown}
 J - a scroll of magic mapping {unknown}
 O - a scroll of vulnerability {unknown}
Potions
 d - a potion of might
 j - a potion of berserk rage
 k - a potion of degeneration
 m - 2 potions of invisibility
 n - 2 potions of heal wounds
 p - a potion of ambrosia {unknown}
 q - a potion of brilliance
 u - 4 potions of curing
 v - a potion of mutation
 z - a potion of haste {unknown}
 A - a potion of attraction {unknown}
 K - a potion of magic {unknown}
 L - a potion of lignification {unknown}
 M - a potion of resistance {unknown}


   Skills:
 + Level 10.5 Fighting
 * Level 15.1 Axes
 - Level 3.2 Armour
 + Level 8.7 Shields


You had 9 spell levels left.
You didn't know any spells.
Your spell library contained the following spells:

 Spells                   Type           Power      Damage    Failure   Level
 Kiss of Death            Conj/Necr      0%         2d5       100%        1
 Confusing Touch          Hex            0%         N/A       100%        3
 Ignite Poison            Fire/Tmut/Pois 0%         N/A       100%        3
 Kindle Blastsparks       Fire/Tloc/Air  0%         2d10      100%        3
 Dispel Undead            Necr           0%         3d6       100%        4
 Freezing Cloud           Conj/Ice/Air   0%         6-21      100%        5


Dungeon Overview and Level Annotations

Branches:
Dungeon (9/15)             Temple (1/1) D:4
   Lair: D:8-11         Orc: D:9-12

Altars:
Ashenzari
Cheibriados
Elyvilon
Fedhas
Gozag
Kikubaaqudgha
Makhleb
Nemelex Xobeh
Qazlal
Trog
Uskayaw
Vehumet
Xom
Yredelemnul
Zin

Shops:
D:4 (


Innate Abilities, Weirdness & Mutations

You possess an exceptional clarity of mind.
Your mind is acute. (Int +4, Str/Dex -1)
Your magical capacity is low. (-10% MP)
You are covered in fur. (AC +1)


Message History

You are yanked forward by the harpoon shot.
Splash!
The swamp worm bites the plant.
The plant begins to die.
You block the swamp worm's attack.
You are too injured to fight recklessly!
You are too injured to fight recklessly!
You are too injured to fight recklessly!
You are too injured to fight recklessly!
You are too injured to fight recklessly!
You slash the swamp worm!
The swamp worm is heavily wounded.
You hit the swamp worm. The swamp worm barely misses you.
You closely miss the swamp worm.
The swamp worm is heavily wounded.
You hit the swamp worm. x2; The swamp worm bites you! x2
* * * LOW HITPOINT WARNING * * *
The swamp worm bites you but does no damage.
You slash the swamp worm!
The swamp worm is almost dead.
You slash the swamp worm! x2; You block the swamp worm's attack.
The swamp worm bites you but does no damage. x2
You closely miss the swamp worm.
The swamp worm is severely wounded.
You miss the swamp worm. You slash the swamp worm! The swamp worm bites you!
* * * LOW HITPOINT WARNING * * *
The swamp worm barely misses you. You block the swamp worm's attack.
You barely miss the swamp worm.
The swamp worm is severely wounded.
You slash the swamp worm! You closely miss the swamp worm.
A nearby plant withers and dies.
You block the swamp worm's attack. The swamp worm bites you!
* * * LOW HITPOINT WARNING * * *
The swamp worm bites you but does no damage.
You hit the swamp worm but do no damage.
The swamp worm is severely wounded.
You hit the swamp worm.
You hit the swamp worm but do no damage.
You block the swamp worm's attack. The swamp worm bites you!!
You die...
Your body crumbles into a pile of gold.

#.........
#......~~
#.....~~
#...~~~ #
#..~~≈###~#
##..~~P#~~~~$
##...ww~~~$~~
#....@w~#
##...~~≈###
##)$$~~~~###
#$.$..~~≈~≈
#.....#~~~~
#.....#####
#...<.# ###
#.....# ##.##
### #.....#


You could see 3 swamp worms.

Vanquished Creatures
  Harold (D:9)
  Pikel (D:8)
  A cyclops (D:8)
  Grinder (D:3)
  Sigmund (D:4)
  10 yaks (D:8)
  A water moccasin (D:8)
  A sky beast (D:8)
  A black bear (D:6)
  2 ogres
  A phantom (D:4)
  2 centaurs
  A lemure (D:8)
  2 kobold brigands
  A gnoll sergeant (D:7)
  3 bullfrogs (D:8)
  A necrophage (D:4)
  4 scorpions
  8 killer bees
  2 howler monkeys (D:7)
  2 orc priests (D:7)
  4 hounds
  A quasit (D:4)
  5 jellies
  2 gnoll boudas
  3 orc wizards
  Natasha (thrice) (D:4)
  3 iguanas
  9 gnolls
  7 adders
  7 shadow imps
  5 white imps
  4 ufetubi
  3 worms
  7 dart slugs
  20 orcs
  9 bats
  6 endoplasms
  5 giant cockroaches
  13 goblins
  3 hobgoblins
  10 kobolds
  8 quokkas
  3 ball pythons
  13 frilled lizards
  4 rats
204 creatures vanquished.

Vanquished Creatures (collateral kills)
  An orc wizard (D:7)
1 creature vanquished.

Vanquished Creatures (others)
  2 demonic plants (D:4)
  5 plants
7 creatures vanquished.

Grand Total: 212 creatures vanquished

Notes
Turn   | Place    | Note
-------+----------+-------------------------------------------
     0 | D:1      | Iich the Hill Orc Fighter began the quest for the Orb.
     0 | D:1      | Reached XP level 1. HP: 19/19 MP: 1/1
    16 | D:1      | Reached skill level 3 in Axes
    48 | D:1      | Reached XP level 2. HP: 27/27 MP: 2/2
   376 | D:1      | Reached skill level 4 in Axes
   376 | D:1      | Reached XP level 3. HP: 33/33 MP: 3/3
   699 | D:2      | Found a white marble altar of Elyvilon.
   768 | D:2      | Reached XP level 4. HP: 41/41 MP: 4/4
   807 | D:2      | Reached skill level 5 in Axes
  1423 | D:3      | Noticed Grinder
  1440 | D:3      | Killed Grinder
  1441 | D:3      | Reached skill level 5 in Fighting
  1441 | D:3      | Reached skill level 7 in Axes
  1441 | D:3      | Reached XP level 5. HP: 34/48 MP: 5/5
  1441 | D:3      | Reached XP level 6. HP: 40/56 MP: 6/6
  1669 | D:3      | Found a faded altar of an unknown god.
  1916 | D:4      | Noticed Natasha
  1922 | D:4      | Killed Natasha
  1967 | D:4      | Noticed Sigmund
  1978 | D:4      | Killed Sigmund
  1979 | D:4      | Reached skill level 8 in Axes
  1979 | D:4      | Reached XP level 7. HP: 59/63 MP: 7/7
  2076 | D:4      | Noticed Natasha
  2086 | D:4      | Killed Natasha
  2263 | D:4      | Found Dacuatur's Weapon Boutique.
  2338 | D:4      | Reached skill level 9 in Axes
  2345 | D:4      | Gained mutation: Your mind is acute. (Int +4, Str/Dex -1)
                  | [potion of mutation]
  2345 | D:4      | Gained mutation: You are covered in fur. (AC +1) [potion of
                  | mutation]
  2345 | D:4      | Gained mutation: Your magical capacity is low. (-10% MP)
                  | [potion of mutation]
  2345 | D:4      | Gained mutation: You possess an exceptional clarity of
                  | mind. [potion of mutation]
  2350 | D:4      | Found a bloodstained altar of Trog.
  2353 | D:4      | Found a burning altar of Makhleb.
  2354 | D:4      | Found a radiant altar of Vehumet.
  2492 | D:4      | Reached XP level 8. HP: 71/71 MP: 7/7
  2557 | D:4      | Found a staircase to the Ecumenical Temple.
  2575 | Temple   | Entered the Ecumenical Temple
  2614 | Temple   | Became a worshipper of Gozag Ym Sagoz the Greedy
  2719 | D:4      | Noticed Natasha
  2726 | D:4      | Killed Natasha
  3112 | D:5      | Entered Level 5 of the Dungeon
  3268 | D:5      | Reached skill level 10 in Axes
  3268 | D:5      | Reached skill level 5 in Shields
  3335 | D:5      | Found a sparkling altar of Nemelex Xobeh.
  3907 | D:6      | Reached skill level 11 in Axes
  3958 | D:6      | Reached XP level 9. HP: 81/81 MP: 8/8
  4893 | D:7      | Reached skill level 12 in Axes
  5151 | D:8      | Reached skill level 13 in Axes
  5212 | D:8      | Found a blossoming altar of Fedhas.
  5254 | D:8      | Reached XP level 10. HP: 71/91 MP: 9/9
  5361 | D:8      | Identified the +0 hand axe of the Three Tales {speed, Fly
                  | rF- Int+5}
  5394 | D:8      | Found a glowing silver altar of Zin.
  5570 | D:8      | Reached skill level 14 in Axes
  5606 | D:8      | Found a snail-covered altar of Cheibriados.
  5640 | D:8      | Found an ancient bone altar of Kikubaaqudgha.
  5677 | D:8      | Noticed a cyclops
  5694 | D:8      | Killed a cyclops
  5695 | D:8      | Reached skill level 10 in Fighting
  5909 | D:9      | Noticed Harold
  5909 | D:9      | Noticed Pikel
  5925 | D:8      | Killed Pikel
  5955 | D:9      | Killed Harold
  5956 | D:9      | Reached skill level 15 in Axes
  6424 | D:9      | Slain by a swamp worm

Illustrated notes

Levels and vault maps discovered:
D:1:      dpeg_arrival_tiny_i, layout_rooms
D:2:      layout_basic, basic_altar, minmay_lizard_pond
D:3:      layout_rooms, hellmonk_ecumenical_altar_arch_garden, corexii_shack,
          minmay_ogre_servants, uniq_grinder
D:4:      layout_loops_corners, chequers_temple_overflow_statue_of_worship,
          minmay_temple_entry_purple_smoke, serial_demonic, serial_demonic_g,
          serial_demonic_b, serial_demonic_e, serial_demonic_e,
          serial_demonic_a, serial_demonic_g, serial_demonic_b,
          serial_demonic_b, serial_shops, shop, minmay_misc_feat_enclosed,
          serial_bayou_lagoon_a, uniq_sigmund, uniq_natasha
D:5:      layout_basic, mainiacjoe_overflow_brackets
D:6:      layout_rooms
D:7:      layout_loops_corners
D:8:      layout_cave_pools, zin_treasury, mainiacjoe_overflow_small_starburst,
          mainiacjoe_overflow_paths, fedhas_altar_1, minmay_diced_spiral
D:9:      layout_cross, mainiacjoe_overflow_alcove_2, worms_lemuel, uniq_erica,
          uniq_harold, uniq_pikel
Temple:   oiseaux_autumnal_temple

Skill      XL: |  1  2  3  4  5  6  7  8  9 10 |
---------------+-------------------------------+-----
Axes           | 3 4 7 8 9 11 13 15 | 15.1
Fighting       | 4 5 6 7 9 10 | 10.5
Shields        | 4 5 7 8 |  8.7
Armour         | |  3.2

Action                     |  1- 3 |  4- 6 |  7- 9 | 10-12 || total
---------------------------+-------+-------+-------+-------++-------
  Melee: War axe           |   106 |    86 |   290 |   139 ||   621
 Invoke: Potion Petition   |       |       |     2 |       ||     2
  Evoke: Wand              |       |     2 |       |     1 ||     3
    Use: Potion            |     1 |     1 |     2 |       ||     4
         Scroll            |       |       |     9 |     2 ||    11
   Stab: Distracted        |       |       |     1 |     2 ||     3
 Armour: Scale mail        |    28 |       |       |       ||    28
         Chain mail        |    39 |    45 |   177 |    76 ||   337
  Dodge: Dodged            |    47 |    12 |    76 |    23 ||   158
  Block: Buckler           |    39 |    10 |       |       ||    49
         Kite shield       |       |     7 |   168 |    85 ||   260

Table legend: (Time is in decaauts)
 A = Elapsed time spent in this place.
 B = Non-inter-level travel time spent in this place.
 C = Inter-level travel time spent in this place.
 D = Time resting spent in this place.
 E = Time spent auto-exploring this place.
 F = Levels seen in this place.
 G = Mean time per level.
                   A        B        C        D        E       F      G
               +--------+--------+--------+--------+--------+-----+--------+
         Total |   6549 |   6402 |    147 |    317 |   4596 |  10 |  654.9 |
       Dungeon |   6468 |   6330 |    138 |    317 |   4567 |   9 |  718.7 |
        Temple |     80 |     71 |      9 |      0 |     29 |   1 |   80.0 |
               +--------+--------+--------+--------+--------+-----+--------+

Top non-repeatable levels by time:
     D:4: 1166 daAuts
     D:8: 1060 daAuts
     D:7: 979 daAuts
     D:2: 823 daAuts
     D:5: 648 daAuts
     D:1: 636 daAuts
     D:3: 519 daAuts
     D:6: 407 daAuts
     D:9: 228 daAuts
  Temple: 80 daAuts
